AoeStats
← Stanko2026

Glade

510394787Analyzed
1v1 RM · 1d ago on Sep 30, 2026· 55m 23s· 2 players
Game mode
Random Map
Map size
Tiny (2 player)
Population
200
Speed
Normal
Resources
Standard
Victory
Conquest
Starting age
Dark Age
Ending age
Imperial Age
RankedLock teamsTeams togetherTeam positionsShared explorationLock speedFull tech treeHidden civsTurbo modeCheats
Victory
Defeat
🇩🇪 Ethiopians · Germany
750
+14
🇫🇷 Persians · France
715
-14
ACHRAF
8:56 Feudal Age
10:11 Wheelbarrow
9:23 Double-Bit Axe
9:21 Horse Collar
20:05 Castle Age
21:09 Hand Cart
22:35 Bow Saw
23:54 Pikeman
25:54 Gold Mining
26:46 Squires
29:06 Forging
28:57 Scale Mail Armor
31:45 Iron Casting
31:02 Fletching
33:23 Loom
36:31 Imperial Age
34:01 Loom
36:42 Ballistics
37:52 Two-Man Saw
37:03 Stone Mining
37:51 Guilds
39:00 Stone Shaft Mining
39:01 Gold Shaft Mining
39:44 Conscription
39:33 Kamandaran
39:09 Halberdier
40:31 Chain Mail Armor
41:20 Heavy Plow
42:46 Blast Furnace
42:29 Plate Mail Armor
43:55 Bodkin Arrow
44:01 Padded Archer Armor
45:32 Hoardings
45:08 Citadels
45:07 Scale Barding Armor
48:40 Thumb Ring
51:01 Murder Holes
51:18 Masonry
54:30 Crossbowman
Stanko2026
0:28 Loom
12:08 Feudal Age
15:52 Double-Bit Axe
17:11 Gold Mining
17:11 Stone Mining
21:36 Castle Age
20:01 Scale Barding Armor
19:57 Scale Mail Armor
21:39 Horse Collar
23:44 Chain Barding Armor
23:40 Chain Mail Armor
23:58 Forging
24:05 Bow Saw
25:51 Heavy Plow
26:49 Murder Holes
27:04 Fortified Wall
27:52 Husbandry
30:30 Royal Heirs
30:24 Arson
30:39 Squires
31:34 Gold Shaft Mining
31:34 Stone Shaft Mining
32:06 Light Cavalry
33:10 Ballistics
32:12 Elite Skirmisher
32:44 Fletching
32:54 Padded Archer Armor
33:30 Iron Casting
34:42 Thumb Ring
33:57 Crossbowman
38:59 Imperial Age
40:42 Chemistry
39:53 Masonry
39:08 Arbalester
40:54 Conscription
42:36 Elite Shotel Warrior
42:57 Hussar
45:20 Torsion Engines
Connection lost

Rejoining the realm…

Still unreachable

The connection could not be restored.

Session expired

The server has moved on; the page needs a fresh start.